 Dungeon Sprint DCSS version 0.22-a0-362-g535178c5c5 (webtiles) character file.

19209 KillingSpree the Demonic Aeon (level 12, -4/102 HPs)
             Began as a Demonspawn Gladiator on Apr 21, 2018.
             Was the Champion of Cheibriados.
             Killed from afar by an ice dragon (64 damage)
             ... with a blast of cold
             ... in the Dungeon (Sprint IX: "|||||||||||||||||||||||||||||").
             The game lasted 00:05:33 (2104 turns).

KillingSpree the Demonic Aeon (DsGl)                Turns: 2104, Time: 00:05:33

Health: -4/102     AC: 16    Str: 29    XL:     12   Next: 34%
Magic:  6/27       EV: 24    Int: 27    God:    Cheibriados [******]
Gold:   132        SH:  0    Dex: 41    Spells: 11/11 levels left

rFire    . . .     SeeInvis .   p - +0 lajatang
rCold    x . .     Gourm    .   (shield currently unavailable)
rNeg     + . .     Faith    .   C - +0 swamp dragon scales
rPois    +         Spirit   .   (no helmet)
rElec    .         Reflect  .   A - +1 cloak
rCorr    .         Harm     .   B - +1 pair of gloves {archery}
MR       .....     NoTele   +   r - +0 pair of boots
Stlth    ++........             x - amulet "Siega" {+Rage +Fly rC- Dex+6 Slay+2}
HPRegen  0.27/turn              w - ring "Fiwoleint" {rN+ Slay+3}
MPRegen  0.20/turn              u - +2 ring of protection

@: very slow
A: talons 2, icy blue scales 1, clever 1, foul stench 2, spiny 1, rot immunity
a: Bend Time, Temporal Distortion, Slouch, Step From Time, Renounce Religion,
Evoke Berserk Rage, Evoke Flight


You were in the Dungeon.
You worshipped Cheibriados.
Cheibriados was exalted by your worship.
You were near starving.

You visited 1 branch You collected 1900 gold pieces.
You spent 1768 gold pieces at shops.

Inventory:

Hand Weapons
 p - a +0 lajatang (weapon)
Missiles
 d - 4 throwing nets (quivered)
Armour
 c - a +0 helmet
 q - a +0 pair of gloves
 r - a +0 pair of boots (worn)
 s - a +0 plate armour
 A - a +1 cloak (worn)
 B - a +1 pair of gloves of archery (worn)
 C - +0 swamp dragon scales (worn)
Jewellery
 t - a +2 ring of evasion
 u - a +2 ring of protection (right hand)
 w - the ring "Fiwoleint" (left hand) {rN+ Slay+3}
   (You bought it in a shop in the Dungeon)

   [ring of slaying]

   It affects your accuracy and damage with ranged weapons and melee attacks
   (+3).
   It protects you from negative energy.
 x - the amulet "Siega" (around neck) {+Rage +Fly rC- Dex+6 Slay+2}
   (You bought it in a shop in the Dungeon)

   [amulet of rage]

   It affects your dexterity (+6).
   It affects your accuracy and damage with ranged weapons and melee attacks
   (+2).
   It makes you vulnerable to cold.
   It lets you fly.
   It lets you go berserk.
 y - an uncursed ring of ice
 z - an uncursed ring of ice
Wands
 o - a wand of iceblast (10)
Scrolls
 b - 3 scrolls of identify
 j - 4 scrolls of enchant weapon
 k - 4 scrolls of blinking
 m - 7 scrolls of remove curse
 n - 2 scrolls of amnesia
 v - 5 scrolls of enchant armour
 D - a scroll of fog
 E - a scroll of fear
Potions
 a - a potion of brilliance
 e - 8 potions of curing
 g - 7 potions of heal wounds
 h - a potion of haste
 i - 4 potions of magic
 l - a potion of invisibility
Comestibles
 f - 11 rations


   Skills:
 + Level 12.2 Fighting
 + Level 17.3 Staves
 - Level 2.2 Throwing
 + Level 9.5 Dodging
 * Level 23.5 Invocations


You had 11 spell levels left.
You didn't know any spells.

Dungeon Overview and Level Annotations

Branches:
Dungeon (1/1)

Altars:
Cheibriados
Dithmenos
Elyvilon
Fedhas
Gozag
Hepliaklqana
Kikubaaqudgha
Makhleb
Nemelex Xobeh
Okawaru
Qazlal
Ru
Sif Muna
Trog
Uskayaw
Vehumet
Wu Jian
Xom
Yredelemnul
Zin
The Shining One
Beogh
Jiyva
Lugonu

Shops:
D ??==


Innate Abilities, Weirdness & Mutations

You have razor-sharp toenails.
You are partially covered in icy blue scales. (AC +2)
You frequently emit foul miasma when damaged in melee.
You are partially covered in sharp spines.
You are immune to rotting.
Your mind is acute. (Int +2)


Message History

The yaktaur captain is moderately wounded.
You slash the yaktaur captain!
The yaktaur captain is heavily wounded.
The yaktaur captain is struck by your spines.
The yaktaur captain hits you!
The yaktaur captain looks sick.
You slash the yaktaur captain!
The yaktaur captain is severely wounded.
The yaktaur captain is struck by your spines.
The yaktaur captain hits you!
You emit a cloud of foul miasma!
You can feel time thicken for a moment.
You kill the yaktaur captain!
Cheibriados appreciates the change of pace.
You feel somewhat more hungry.
Unknown command.
Unknown command.
Unknown command.
The ice dragon breathes frost at you. The blast of cold hits you!
You feel a terrible chill!
Ouch! That really hurt!
You die...

..[[[[..'[)[.........÷.........÷.
▓▓▓▓▓▓▓▓▓▓▓▓▓▓▓▓▓▓▓▓▓▓▓▓▓▓▓▓▓▓▓▓▓
.................................
▓▓▓▓▓▓▓▓▓▓▓▓▓▓▓▓▓▓▓▓▓▓▓▓▓▓▓▓▓▓▓▓▓
....'.....∩)∩)∩)∩.).))).......)))
▓▓▓▓▓▓▓▓▓▓▓▓▓▓▓▓▓▓▓▓▓▓▓▓▓▓▓▓▓▓▓▓▓
.................................
▓▓▓▓▓▓▓▓▓▓▓▓▓▓▓▓▓▓▓▓▓▓▓▓▓▓▓▓▓▓▓▓▓
{{{{....uDD@..('......!...[[
▓▓▓▓▓▓▓▓▓▓▓▓▓▓▓▓▓▓▓▓▓▓▓▓


You could see a fire dragon, an ice dragon and a red ugly thing.

Vanquished Creatures
  A yaktaur captain (D)
  3 ogre magi (D)
  3 hydras (D)
  Erolcha (D)
  Harold (D)
  A centaur warrior (D)
  6 two-headed ogres (D)
  A flayed ghost (D)
  4 lindwurms (D)
  An ugly thing (D)
  A cyclops (D)
  A black mamba (D)
  A spiny frog (D)
  A komodo dragon (D)
  A yaktaur (D)
  A troll (D)
  A blink frog (D)
  3 tyrant leeches (D)
  A yak (D)
  A wyvern (D)
  A soldier ant (D)
  2 water moccasins (D)
  2 porcupines (D)
  An ice beast (D)
  12 orc warriors (D)
  4 ogres (D)
  2 crocodiles (D)
  9 bullfrogs (D)
  A scorpion (D)
  A killer bee (D)
  A hound (D)
  A jelly (D)
  5 orc priests (D)
  2 orc wizards (D)
  An iguana (D)
  An adder skeleton (D)
  An adder zombie (D)
  A worm (D)
  A leopard gecko (D)
  8 orcs (D)
  2 bats (D)
  2 bat skeletons (D)
  A hobgoblin (D)
  A kobold (D)
  A frilled lizard (D)
98 creatures vanquished.

Notes
Turn   | Place    | Note
-------+----------+-------------------------------------------
     0 | D        | KillingSpree the Demonspawn Gladiator began the quest for the Orb.
     0 | D        | Reached XP level 1. HP: 16/16 MP: 1/1
   201 | D        | Noticed a jelly
   201 | D        | Noticed an iguana
   201 | D        | Noticed a scorpion
   201 | D        | Noticed a hound
   205 | D        | Killed a hound
   205 | D        | Reached skill level 5 in Staves
   205 | D        | Gained mutation: You are partially covered in sharp spines. [demonic ancestry]
   205 | D        | Reached XP level 2. HP: 23/23 MP: 2/2
   205 | D        | Reached XP level 3. HP: 28/28 MP: 3/3
   209 | D        | Killed a scorpion
   209 | D        | Gained mutation: You are partially covered in icy blue scales. (AC +2) [demonic ancestry]
   209 | D        | Reached XP level 4. HP: 34/34 MP: 4/4
   212 | D        | Reached skill level 5 in Dodging
   213 | D        | Gained mutation: You are immune to rotting. [demonic ancestry]
   213 | D        | Reached XP level 5. HP: 41/41 MP: 5/5
   255 | D        | Found a roughly hewn altar of Beogh.
   255 | D        | Found a snail-covered altar of Cheibriados.
   255 | D        | Found a shadowy altar of Dithmenos.
   255 | D        | Found a white marble altar of Elyvilon.
   255 | D        | Found a blossoming altar of Fedhas.
   255 | D        | Found an opulent altar of Gozag.
   256 | D        | Found a hazy altar of Hepliaklqana.
   257 | D        | Found a viscous altar of Jiyva.
   258 | D        | Found an ancient bone altar of Kikubaaqudgha.
   259 | D        | Became a worshipper of Cheibriados the Contemplative
   260 | D        | Found a corrupted altar of Lugonu.
   261 | D        | Found a burning altar of Makhleb.
   262 | D        | Found a sparkling altar of Nemelex Xobeh.
   263 | D        | Found an iron altar of Okawaru.
   264 | D        | Found a stormy altar of Qazlal.
   265 | D        | Found a sacrificial altar of Ru.
   266 | D        | Found a deep blue altar of Sif Muna.
   267 | D        | Found a bloodstained altar of Trog.
   268 | D        | Found a hide-covered altar of Uskayaw.
   269 | D        | Found a radiant altar of Vehumet.
   270 | D        | Found an ornate altar of the Wu Jian Council.
   271 | D        | Found a shimmering altar of Xom.
   272 | D        | Found a basalt altar of Yredelemnul.
   273 | D        | Found a glowing silver altar of Zin.
   274 | D        | Found a glowing golden altar of the Shining One.
   327 | D        | Noticed an orc warrior
   330 | D        | Reached skill level 3 in Invocations
   337 | D        | Reached * piety under Cheibriados
   337 | D        | Reached skill level 4 in Invocations
   337 | D        | Reached XP level 6. HP: 39/48 MP: 5/9
   338 | D        | Reached ** piety under Cheibriados
   341 | D        | Killed an orc warrior
   341 | D        | Reached skill level 5 in Invocations
   346 | D        | Reached skill level 10 in Staves
   354 | D        | Noticed a centaur warrior
   354 | D        | Noticed an ice beast
   354 | D        | Noticed a wyvern
   359 | D        | Reached *** piety under Cheibriados
   359 | D        | Reached skill level 6 in Invocations
   364 | D        | Killed a wyvern
   364 | D        | Reached skill level 5 in Fighting
   364 | D        | Reached skill level 7 in Invocations
   364 | D        | Gained mutation: You have sharp toenails. [demonic ancestry]
   364 | D        | Reached XP level 7. HP: 43/56 MP: 9/12
   366 | D        | Reached **** piety under Cheibriados
   375 | D        | Killed a centaur warrior
   375 | D        | Reached skill level 9 in Invocations
   375 | D        | Gained mutation: You have razor-sharp toenails. [demonic ancestry]
   375 | D        | Reached XP level 8. HP: 29/65 MP: 10/15
   383 | D        | Reached ***** piety under Cheibriados
   478 | D        | Gained mutation: You are frail. (-10% HP) [potion of mutation]
   478 | D        | Gained mutation: You have a pair of small antennae on your head. [potion of mutation]
   514 | D        | Noticed a spiny frog
   514 | D        | Noticed a blink frog
   522 | D        | Noticed a komodo dragon
   524 | D        | Reached skill level 10 in Invocations
   528 | D        | Killed a blink frog
   528 | D        | Reached ****** piety under Cheibriados
   528 | D        | Gained mutation: You may emit foul miasma when damaged in melee. [demonic ancestry]
   528 | D        | Reached XP level 9. HP: 58/64 MP: 16/16
   530 | D        | Killed a spiny frog
   530 | D        | Reached skill level 11 in Invocations
   532 | D        | Killed a komodo dragon
   784 | D        | Noticed an eight-headed hydra
   784 | D        | Noticed a seven-headed hydra
   784 | D        | Noticed a black mamba
   790 | D        | Killed a black mamba
   791 | D        | Reached skill level 12 in Invocations
   794 | D        | Killed a nine-headed hydra
   794 | D        | Reached skill level 15 in Staves
   794 | D        | Gained mutation: You frequently emit foul miasma when damaged in melee. [demonic ancestry]
   794 | D        | Reached XP level 10. HP: 53/73 MP: 2/19
   796 | D        | Killed a nine-headed hydra
   796 | D        | Reached skill level 13 in Invocations
  1004 | D        | Noticed a lindwurm
  1004 | D        | Noticed a lindwurm
  1004 | D        | Noticed a lindwurm
  1010 | D        | Killed a lindwurm
  1011 | D        | Noticed a lindwurm
  1011 | D        | Killed a lindwurm
  1011 | D        | Reached skill level 14 in Invocations
  1012 | D        | Killed a lindwurm
  1024 | D        | Reached skill level 15 in Invocations
  1036 | D        | Killed a lindwurm
  1036 | D        | Reached skill level 10 in Fighting
  1425 | D        | Noticed Erolcha
  1434 | D        | Killed Erolcha
  1434 | D        | Reached skill level 16 in Invocations
  1434 | D        | Reached XP level 11. HP: 81/81 MP: 21/23
  1505 | D        | Reached skill level 17 in Invocations
  1584 | D        | Found Utoeb's Jewellery Boutique.
  1584 | D        | Noticed an ogre mage
  1584 | D        | Noticed a two-headed ogre
  1584 | D        | Noticed a two-headed ogre
  1585 | D        | Noticed a two-headed ogre
  1587 | D        | Noticed a two-headed ogre
  1587 | D        | Killed a two-headed ogre
  1587 | D        | Reached skill level 18 in Invocations
  1588 | D        | Killed a two-headed ogre
  1590 | D        | Killed an ogre mage
  1590 | D        | Reached skill level 19 in Invocations
  1591 | D        | Killed a two-headed ogre
  1592 | D        | Found Gykiefizog's Jewellery Shop.
  1595 | D        | Killed a two-headed ogre
  1595 | D        | Reached skill level 20 in Invocations
  1598 | D        | Found Yzaposh's Magic Scroll Boutique.
  1601 | D        | Found Woasmauw's Magic Scroll Shop.
  1602 | D        | Noticed a two-headed ogre
  1603 | D        | Noticed an ogre mage
  1604 | D        | Noticed a two-headed ogre
  1606 | D        | Killed a two-headed ogre
  1607 | D        | Noticed an ogre mage
  1610 | D        | Killed an ogre mage
  1610 | D        | Reached skill level 21 in Invocations
  1611 | D        | Killed a two-headed ogre
  1616 | D        | Killed an ogre mage
  1654 | D        | Bought the ring "Fiwoleint" {rN+ Slay+3} for 786 gold pieces
  1656 | D        | Bought the amulet "Siega" {+Rage +Fly rC- Dex+6 Slay+2} for 757 gold pieces
  1679 | D        | Bought a scroll of enchant armour for 75 gold pieces
  1679 | D        | Bought a scroll of enchant armour for 75 gold pieces
  1679 | D        | Bought a scroll of enchant armour for 75 gold pieces
  1743 | D        | Noticed Harold
  1756 | D        | Killed Harold
  1756 | D        | Reached skill level 22 in Invocations
  1756 | D        | Reached XP level 12. HP: 40/90 MP: 25/27
  2045 | D        | Lost mutation: You have a pair of small antennae on your head. [potion of mutation]
  2045 | D        | Lost mutation: You are frail. (-10% HP) [potion of mutation]
  2045 | D        | Gained mutation: You are clumsy. (Dex -2) [potion of mutation]
  2045 | D        | Gained mutation: Your mind is acute. (Int +2) [potion of mutation]
  2045 | D        | Lost mutation: You are clumsy. (Dex -2) [potion of mutation]
  2085 | D        | Noticed a four-headed hydra
  2092 | D        | Noticed a yaktaur captain
  2092 | D        | Killed a five-headed hydra
  2092 | D        | Reached skill level 23 in Invocations
  2094 | D        | Noticed an ice dragon
  2094 | D        | Noticed a fire dragon
  2103 | D        | Killed a yaktaur captain
  2104 | D        | Killed from afar by an ice dragon

Vault maps used:
D:        linesprint

Skill      XL: |  1  2  3  4  5  6  7  8  9 10 11 12 |
---------------+-------------------------------------+-----
Staves         | 5 6 7 9 10 12 13 15 16 17 | 17.3
Dodging        | 4 5 6 7 8 9 |  9.5
Throwing       | 2 |  2.2
Fighting       | 3 4 5 6 7 8 10 11 12 | 12.2
Invocations    | 4 7 9 10 12 16 22 23 | 23.5

Action                   |  1- 3 |  4- 6 |  7- 9 | 10-12 || total
-------------------------+-------+-------+-------+-------++-------
Melee: Quarterstaff      |    19 |     6 |       |       ||    25
       Lajatang          |       |    29 |    43 |    98 ||   170
Invok: Slouch            |       |       |     4 |    16 ||    20
  Use: Potion            |     1 |       |     1 |     1 ||     3
  Eat: Chunk             |       |       |       |     2 ||     2
Armor: Leather armour    |     8 |     1 |       |       ||     9
       Plate armour      |       |    14 |    10 |    20 ||    44
Dodge: Dodged            |     9 |    17 |    18 |    53 ||    97

Table legend:
 A = Spawn XP
 B = Non-spawn XP
 C = Spawn XP percentage of total XP
 D = Spawn monster count
 E = Non-spawn monster count
 F = Spawn count percentage of total count
 G = Total turns spent on level
                    A         B        C        D         E        F      G
               +---------+---------+-------+---------+---------+-------+---------
         Total |       0 |   27442 |   0.0 |       0 |      98 |   0.0 |  2104
               +---------+---------+-------+---------+---------+-------+---------
             D |       0 |   27442 |   0.0 |       0 |      98 |   0.0 |  2104
               +---------+---------+-------+---------+---------+-------+---------
